Map: Data-C

Players

JDLOO

  • Race: Zerg Zerg
  • League: Diamond
  • Spawn Location: 9:00

yesman - Winner!

  • Race: Terran Terran
  • League: Diamond
  • Spawn Location: 3:00

VOD

Have the link to the VOD?

Description

Time

  • Played on: Jan. 19, 2023, 11:48 a.m.
  • Length: 10:55
Show
View Real Time Build Order
Export as new Build Order

JDLOO Zerg 

Build Orders: Hatch First 

Get SALT Encoding   

  12  0:00  Drone  
  13  0:12  Overlord  
  13  0:17  Drone  
  14  0:31  Drone  
  14  0:32  Drone  
  16  0:51  Hatchery  
  16  0:53  Drone  
  16  0:57  Drone  
  16  1:00  Drone  
  18  1:12  Extractor  
  18  1:16  Spawning Pool  
  16  1:19  Drone  
  16  1:22  Drone  
  18  1:28  Drone  
  19  1:39  Drone  
  20  1:51  Drone  
  21  2:00  Overlord  
  21  2:04  Queen x2  
  21  2:06  Zergling x2  
  26  2:10  Zergling x2  
  26  2:15  Metabolic Boost  
  27  2:19  Drone  
  27  2:21  Drone  
  29  2:36  Drone x3  
  33  2:44  Drone  
  33  2:46  Overlord, Queen  
  34  2:56  Zergling x4  
  36  3:02  Spine Crawler  
  36  3:03  Spine Crawler  
  34  3:06  Zergling x2  
  34  3:11  Queen  
  37  3:15  Zergling x6  
  38  3:32  Zergling x2  
  38  3:33  Zergling x10  
  44  3:57  Overlord x4  
  44  4:09  Hatchery  
  34  4:26  Drone  
  34  4:27  Drone x6  
  34  4:30  Drone x2  
  43  4:39  Lair  
  43  4:45  Drone x2  
  45  4:49  Baneling Nest  
  44  4:53  Drone x2  
  44  4:54  Drone  
  46  5:00  Drone  
  47  5:15  Zergling x6  
  47  5:16  Zergling x2  
  47  5:18  Extractor  
  50  5:25  Drone, Extractor  
  50  5:30  Zergling x4  
  50  5:31  Zergling x6  
  55  5:36  Baneling x4  
  55  5:37  Baneling x4  
  55  5:47  Extractor  
  54  5:51  Zergling x6  
  54  5:52  Zergling x6  
  60  5:57  Drone  
  60  5:58  Drone x3  
  60  6:03  Spire  
  63  6:12  Drone  
  63  6:13  Drone x7  
  71  6:22  Drone x2  
  71  6:23  Drone  
  74  6:28  Overseer  
  74  6:32  Overlord  
  74  6:33  Overlord  
  74  6:35  Overlord  
  69  6:49  Zergling x2  
  69  6:50  Zergling x6  
  64  7:02  Zergling x2  
  64  7:03  Zergling x18  
  69  7:16  Mutalisk  
  69  7:17  Mutalisk x5  
  76  7:31  Mutalisk x2  
  76  7:35  Zergling x6  
  81  7:54  Mutalisk  
  81  7:55  Mutalisk  
  78  8:07  Zergling x2  
  78  8:08  Zergling x16  
  87  8:21  Hatchery  
  87  8:22  Baneling x2  
  87  8:23  Baneling x3  
  87  8:25  Centrifugal Hooks  
  86  8:30  Hatchery  
  85  8:44  Overlord x5  
  84  8:51  Baneling x8  
  59  9:34  Drone x8  
  59  9:35  Drone  
  68  9:48  Drone x2  
  68  9:51  Drone x2  
  72  9:54  Queen  
  74  10:15  Mutalisk x6  
  86  10:30  Infestation Pit  
Show
View Real Time Build Order
Export as new Build Order

yesman Terran - Winner!

Build Orders:  

Get SALT Encoding   

  12  0:00  SCV  
  13  0:12  SCV  
  14  0:17  Supply Depot  
  14  0:24  SCV  
  15  0:39  SCV  
  15  0:40  Barracks  
  16  0:43  Refinery  
  16  0:51  SCV  
  17  0:58  Barracks  
  17  1:03  SCV  
  18  1:15  SCV  
  19  1:27  Reaper, Orbital Command  
  19  1:31  Supply Depot  
  20  1:45  Reaper  
  21  1:53  SCV  
  22  2:02  Reaper  
  22  2:05  SCV  
  24  2:10  Command Center  
  24  2:17  Marine, SCV  
  26  2:24  Supply Depot  
  26  2:30  SCV  
  27  2:42  SCV  
  27  2:43  Marine x2  
  30  2:44  Refinery  
  30  2:57  SCV  
  31  3:05  Barracks Reactor  
  31  3:07  Factory, Barracks Tech Lab  
  31  3:09  SCV  
  32  3:21  SCV  
  32  3:26  Supply Depot  
  33  3:33  SCV  
  35  3:34  Orbital Command  
  34  3:41  Marine  
  34  3:42  Stimpack  
  34  3:43  Marine x2  
  34  3:45  SCV  
  38  3:49  Supply Depot  
  38  3:52  Bunker  
  38  3:54  Hellion  
  37  3:59  Marine, SCV  
  37  4:01  Marine x2, SCV  
  42  4:07  Starport  
  41  4:23  SCV x2  
  37  4:24  Marine  
  37  4:25  Marine  
  37  4:27  Marine  
  37  4:28  Factory Reactor  
  39  4:35  SCV  
  39  4:37  SCV  
  41  4:42  Marine x2  
  41  4:44  Medivac  
  45  4:45  Engineering Bay  
  45  4:47  SCV  
  45  4:48  Marine  
  45  4:50  SCV  
  48  4:59  SCV  
  49  5:00  Marine x2  
  49  5:02  SCV  
  49  5:06  Marine  
  53  5:11  SCV  
  53  5:12  Factory Reactor  
  53  5:14  SCV  
  55  5:18  Marine  
  56  5:23  SCV, Combat Shield  
  56  5:24  Marine x2  
  56  5:26  Medivac x2, SCV  
  64  5:37  SCV  
  64  5:39  Command Center  
  64  5:41  Supply Depot, Marine  
  66  5:45  Terran Infantry Weapons Level 1  
  66  5:47  SCV  
  66  5:49  SCV  
  68  5:52  Refinery  
  68  5:56  Refinery  
  68  5:57  Marine x2  
  68  6:03  Marine, SCV  
  72  6:05  SCV  
  72  6:07  Widow Mine x2  
  77  6:13  Barracks  
  77  6:15  SCV  
  78  6:24  Supply Depot  
  78  6:25  Supply Depot  
  78  6:28  Supply Depot  
  78  6:45  Marine x3, SCV  
  78  6:46  SCV  
  79  6:57  SCV  
  79  7:03  Marine, SCV  
  79  7:05  Marine x2  
  83  7:18  SCV  
  83  7:21  Marine  
  84  7:23  Marine x2  
  84  7:27  Medivac x2  
  84  7:28  Barracks Reactor  
  84  7:29  Widow Mine x2  
  94  7:31  SCV  
  94  7:33  Supply Depot  
  94  7:34  SCV  
  94  7:36  Armory, Engineering Bay  
  96  7:38  Marine  
  96  7:41  Marine x2  
  96  7:43  Supply Depot, Barracks x2, SCV  
  100  7:44  Supply Depot  
  100  7:46  SCV  
  100  7:56  Marine  
  100  7:57  Missile Turret  
  101  7:58  Missile Turret  
  101  7:59  Marine x2, Orbital Command  
  101  8:00  SCV  
  102  8:06  Medivac  
  102  8:07  Widow Mine  
  102  8:09  SCV  
  102  8:12  SCV  
  108  8:14  Marine  
  108  8:17  Marine x2  
  111  8:21  Widow Mine  
  111  8:24  SCV  
  111  8:25  Marine  
  115  8:28  Marine  
  115  8:31  Barracks Reactor, Missile Turret  
  115  8:32  Barracks Reactor, Marine  
  117  8:34  Marine  
  117  8:35  SCV x2  
  117  8:37  Supply Depot, SCV  
  117  8:40  Marine  
  120  8:43  Marine  
  120  8:46  Marine  
  120  8:47  Medivac x2, SCV  
  127  8:50  Marine  
  127  8:52  Marine  
  127  8:53  SCV  
  130  8:58  Marine  
  130  8:59  Widow Mine x2, Command Center, SCV  
  130  9:01  Marine  
  137  9:04  Marine  
  137  9:07  Marine  
  137  9:08  Supply Depot  
  139  9:10  Supply Depot, Marine  
  139  9:15  Marine  
  140  9:19  Marine  
  141  9:27  Marine x2  
  141  9:29  Marine  
  141  9:30  Marine x4  
  133  9:33  Marine, SCV x3  
  133  9:34  Refinery x2  
  133  9:37  Marine  
  138  9:39  Widow Mine, Medivac x2  
  138  9:44  Missile Turret  
  138  9:45  Marine x2, SCV  
  146  9:47  Marine x2  
  146  9:49  Marine, SCV x2  
  146  9:50  Marine x2  
  146  9:51  Marine  
  155  9:55  Marine  
  155  9:56  Supply Depot  
  156  10:00  Supply Depot  
  156  10:01  Supply Depot  
  156  10:03  Widow Mine x2, Marine x2  
  156  10:05  Marine  
  163  10:08  Marine x2  
  165  10:16  Barracks x2  
  165  10:17  Marine x2  
  165  10:18  Barracks  
Tags
 
Matchup
TvZ
Spawn Locations
Cross Positions
Add a new tag
Caveats
  • Supply blocks, unpowered buildings, or Contaminate may cause inaccurate times.
  • Supply counts are checked every 10 seconds.